 Dungeon Crawl Stone Soup version 0.30.1-11-g7821555f0a (webtiles) character file.

Game seed: 12470634910564578873

1097 monsoonserge the Ruffian (level 8, -3/79 HPs)
             Began as a Troll Fighter on Nov 6, 2023.
             Slain by a troll (17 damage)
             ... on level 6 of the Dungeon.
             The game lasted 00:09:29 (4261 turns).

monsoonserge the Ruffian (Troll Fighter)            Turns: 4261, Time: 00:09:29

Health: -3/79      AC:  4    Str: 25    XL:     8   Next: 10%
Magic:  7/7        EV:  9    Int:  6    God:
Gold:   348        SH:  8    Dex:  9    Spells: 7/7 levels left

rFire   . .          .
                       - Unarmed
rCold   . . .        b - +0 kite shield
rNeg    . . .        a - +0 robe
rPois   .            (helmet restricted)
rElec   .            (no cloak)
rCorr   .            (gloves unavailable)
SInv    .            (boots unavailable)
Will    .....        s - amulet of regeneration
Stlth   +            (no ring)
HPRegen 1.93/turn    (no ring)
MPRegen 0.10/turn

%: no passive effects
@: no status effects
A: large, unfitting armour, claws 3, regeneration 1, shaggy fur 1, tough skin 1
a: no special abilities


You were on level 6 of the Dungeon.
You visited 1 branch of the dungeon, and saw 6 of its levels.

You collected 348 gold pieces.

Inventory:

Hand Weapons
 q - a +0 sling
Missiles
 e - 10 poisoned darts (quivered)
 f - 5 boomerangs
Armour
 a - a +0 robe (worn)
 b - a +0 kite shield (worn)
Magical Staves
 w - a staff of death
Jewellery
 s - an amulet of regeneration (around neck)
Wands
 v - a wand of flame (21)
Scrolls
 g - a scroll of brand weapon {unknown}
 h - 3 scrolls of identify {unknown}
 k - 3 scrolls of blinking {unknown}
 n - 2 scrolls of enchant weapon {unknown}
 p - 4 scrolls of magic mapping {unknown}
 t - a scroll of teleportation {unknown}
 x - a scroll of fog {unknown}
 y - a scroll of silence {unknown}
 A - a scroll of acquirement {unknown}
Potions
 c - 2 potions of might
 d - 2 potions of cancellation {unknown}
 i - a potion of haste {unknown}
 j - 5 potions of curing
 l - 2 potions of attraction {unknown}
 m - a potion of heal wounds {unknown}
 o - a potion of flight {unknown}
 r - a potion of mutation {unknown}
 u - a potion of lignification {unknown}
 z - a potion of degeneration {unknown}


   Skills:
 + Level 4.5 Fighting
 - Level 3.0 Dodging
 + Level 5.0 Shields
 * Level 6.8 Unarmed Combat


You had 7 spell levels left.
You didn't know any spells.
Your spell library contained the following spells:

 Spells                   Type           Power      Damage    Failure   Level
 Sandblast                Erth           0%         2d4       69%         1
 Passwall                 Tmut/Erth      0%         N/A       83%         2
 Stone Arrow              Conj/Erth      0%         3d7       96%         3
 Animate Armour           Summ/Erth      0%         N/A       100%        4
 Lehudib's Crystal Spear  Conj/Erth      0%         10d2      100%        8


Dungeon Overview and Level Annotations

Branches:
Dungeon (6/15)             Temple (0/1) D:6

Altars:
Elyvilon
Fedhas
Nemelex Xobeh
Sif Muna
Vehumet

Shops:
D:4 :


Innate Abilities, Weirdness & Mutations

You are too large for most types of armour.
You have claws for hands.
Your natural rate of healing is unusually fast.
You are covered in fur. (AC +1)
You have tough skin. (AC +1)


Message History

The troll shouts!
A - a scroll labelled MEON AJAHORUHAU
There are no items here.
You block the troll's attack. x2; The troll claws you!
You claw the troll!
The troll is moderately wounded.
The troll misses you. You block the troll's attack. The troll claws you!
You closely miss the troll.
The troll is moderately wounded.
The troll bites you. You block the troll's attack. The troll claws you.
You claw the troll!
The troll is heavily wounded.
The troll bites you! The troll claws you. You block the troll's attack. x2
The troll claws you! The troll closely misses you.
You closely miss the troll.
The troll is heavily wounded.
The troll bites you. The troll claws you!
* * * LOW HITPOINT WARNING * * *
The troll barely misses you.
You barely miss the troll.
The troll is heavily wounded.
The troll bites you!
* * * LOW HITPOINT WARNING * * *
You block the troll's attack. The troll claws you.
* * * LOW HITPOINT WARNING * * *
It was a potion of curing.
You feel better. The troll barely misses you. The troll claws you!
* * * LOW HITPOINT WARNING * * *
You block the troll's attack.
You barely miss the troll.
The troll is moderately wounded.
You mangle the troll!!
The troll is almost dead.
The troll misses you. The troll claws you but does no damage.
The troll claws you.
* * * LOW HITPOINT WARNING * * *
You barely miss the troll.
The troll is almost dead.
The troll bites you!
You die...

#.. #.#.#.#.#.#.#.#.#.#.
...+#.#.#.#.#.....#.#.#
..#.#.#.#.#...⌠...#.#.
##.#.#.#.#.#.....#.#.##
#.#.#.#.#.#.⌠.>.⌠.#.#..
####.#.#.#.#.......#.#.#
....#.#.#.#.#...⌠...#.#
.###.#.#.#.#.#.....#.#
....#>#.#.#.#.#.@T#.#.#
.###.#.#.#.#.#.#.#.#.#.
.#..#.#.#.#.#.#.#.#.#.#
.###.#.#.#.#.#.#.#.#.#.#
.##.#.#.#.#.#.#.#.#.#.#.
.###[#.# #.#.#.#...#.#.#
.# .#.# .#.#.#....+#.#.
.# #### ## .#


You could see a troll.

Vanquished Creatures
  2 black bears
  A water moccasin (D:5)
  A centaur (D:5)
  An ogre (D:5)
  Blork the orc (D:5)
  A bullfrog (D:6)
  3 scorpions (D:5)
  2 hounds
  4 iguanas
  8 adders
  An ufetubus (D:4)
  4 worms
  A dart slug (D:2)
  4 orcs
  5 bats
  8 endoplasms
  5 giant cockroaches
  13 goblins
  12 hobgoblins
  9 kobolds
  3 quokkas
  11 ball pythons
  5 frilled lizards
  6 rats
111 creatures vanquished.

Notes
Turn   | Place    | Note
-------+----------+-------------------------------------------
     0 | D:1      | monsoonserge the Troll Fighter began the quest for the Orb.
     0 | D:1      | Reached XP level 1. HP: 22/22 MP: 0/0
   203 | D:1      | Reached XP level 2. HP: 26/29 MP: 1/1
   442 | D:1      | Reached XP level 3. HP: 36/36 MP: 2/2
  1014 | D:2      | Reached skill level 3 in Unarmed Combat
  1224 | D:2      | Reached XP level 4. HP: 34/44 MP: 3/3
  1634 | D:3      | Found a blossoming altar of Fedhas.
  1634 | D:3      | Found a radiant altar of Vehumet.
  2074 | D:3      | Found a white marble altar of Elyvilon.
  2753 | D:4      | Reached XP level 5. HP: 47/53 MP: 4/4
  2861 | D:4      | Reached skill level 4 in Unarmed Combat
  2871 | D:4      | Noticed a black bear
  2892 | D:4      | Killed a black bear
  2893 | D:4      | Reached XP level 6. HP: 60/61 MP: 5/5
  2909 | D:4      | Found Ugeacur's Tremendous Tomes.
  3253 | D:5      | Entered Level 5 of the Dungeon
  3270 | D:5      | Reached skill level 5 in Unarmed Combat
  3270 | D:5      | Noticed Blork the orc
  3275 | D:5      | Killed Blork the orc
  3455 | D:5      | Reached XP level 7. HP: 68/68 MP: 6/6
  3549 | D:5      | Reached skill level 6 in Unarmed Combat
  3950 | D:5      | Reached XP level 8. HP: 79/79 MP: 7/7
  4010 | D:5      | Found a sparkling altar of Nemelex Xobeh.
  4183 | D:6      | Found a shimmering blue altar of Sif Muna.
  4233 | D:6      | Reached skill level 5 in Shields
  4239 | D:6      | Found a staircase to the Ecumenical Temple.
  4247 | D:6      | Noticed a troll
  4261 | D:6      | Slain by a troll

Illustrated notes

Levels and vault maps discovered:
D:1:      lightli_iron_boxes, layout_loops_ring, grunt_decor_arrowhead
D:2:      minmay_diamond_boxcup, layout_loops_ring
D:3:      cheibrodos_greedy_goblins, layout_basic,
          nicolae_elyvilon_peaceful_grove, gammafunk_temple_overflow_elements,
          minmay_circle_x
D:4:      layout_cave_pools, moated_statue, nicolae_shop_i_like_big_books
D:5:      layout_gridville, mainiacjoe_overflow_brackets, minmay_curled_crystal,
          serial_bayou_lagoon_a, uniq_blork_the_orc
D:6:      layout_basic, lemuel_doored_altar, nicolae_sif_muna_condensation,
          temple_fountains

Skill      XL: |  1  2  3  4  5  6  7  8 |
---------------+-------------------------+-----
Shields        | 3 4 5 |  5.0
Unarmed Combat | 3 4 5 6 |  6.8
Dodging        | 3 |  3.0
Fighting       | 3 4 |  4.5

Action                     |  1- 3 |  4- 6 |  7- 9 || total
---------------------------+-------+-------+-------++-------
  Melee: Unarmed           |   116 |   145 |    52 ||   313
  Throw: Dart              |       |       |     1 ||     1
    Use: Potion            |       |       |     1 ||     1
   Stab: Sleeping          |     1 |     2 |     1 ||     4
         Distracted        |     1 |       |       ||     1
 Armour: Robe              |    33 |    42 |    13 ||    88
  Dodge: Dodged            |    32 |    46 |    28 ||   106
  Block: Kite shield       |    42 |    58 |    29 ||   129
